AoeStats
← [CL] Al3jandr0.magn00

MegaRandom

506257576Analyzed
1v1 RM · 18d ago on Sep 12, 2026· 30m 25s· 2 players
Game mode
Random Map
Map size
Tiny (2 player)
Population
200
Speed
Normal
Resources
Standard
Victory
Conquest
Starting age
Dark Age
Ending age
Imperial Age
RankedLock teamsTeams togetherTeam positionsShared explorationLock speedFull tech treeHidden civsTurbo modeCheats
Victory
Defeat
🇦🇷 Chinese · Argentina
1796
+15
🇵🇪 Portuguese · Peru
1769
-15
CTM | Pentrus
11:39 Feudal Age
15:37 Castle Age
15:07 Loom
15:20 Fishing Lines
17:32 Double-Bit Axe
24:14 Fletching
[CL] Al3jandr0.magn00
0:31 Loom
11:02 Feudal Age
15:51 Castle Age
14:02 Double-Bit Axe
14:30 Horse Collar
14:41 Gold Mining
15:48 Town Watch
18:58 Fishing Lines
23:33 Wheelbarrow
26:48 Fletching
30:15 Imperial Age
28:41 Bodkin Arrow
Connection lost

Rejoining the realm…

Still unreachable

The connection could not be restored.

Session expired

The server has moved on; the page needs a fresh start.